 Dungeon Crawl Stone Soup version 0.32-a0-909-gc671339a80 (webtiles) character file.

Game seed: 12523668403809978200

91 ragingrage the Slasher (level 4, -2/29 HPs)
             Began as an Octopode Gladiator on Apr 6, 2024.
             Slain by an orc
             ... wielding a +0 flail
              (7 damage)
             ... on level 2 of the Dungeon.
             The game lasted 00:01:50 (2288 turns).

ragingrage the Slasher (Octopode Gladiator)         Turns: 2288, Time: 00:01:51

Health: -2/29      AC:  1    Str: 13    XL:     4   Next: 57%
Magic:  4/4        EV: 13    Int: 10    God:
Gold:   155        SH:  0    Dex: 21    Spells: 1/3 levels left

rFire   . . .        a - +0 long sword
rCold   . . .        (no shield)
rNeg    . . .        b - +0 hat
rPois   .            f - amulet of the acrobat
rElec   .            i - +6 ring of dexterity
rCorr   .            (no ring)
SInv    .            (no ring)
Will    .....        (no ring)
Stlth   ++++         (no ring)
HPRegen 0.24/turn    (no ring)
MPRegen 0.09/turn    (no ring)
                     (no ring)

%: acrobat
@: no status effects
A: almost no armour, amphibious, 8 rings, camouflage 1, gelatinous body 1,
(nimble swimmer 1), tentacles
a: no special abilities


You were on level 2 of the Dungeon.
You visited 1 branch of the dungeon, and saw 4 of its levels.

You collected 155 gold pieces.

Inventory:

Hand Weapons
 a - a +0 long sword (weapon)
Missiles
 c - 3 throwing nets (quivered)
 d - a javelin
 p - 3 poisoned darts
Armour
 b - a +0 hat (worn)
Jewellery
 f - an amulet of the acrobat (around mantle)
 i - a +6 ring of dexterity (left tentacle)
 n - a ring of wizardry
Scrolls
 g - 3 scrolls of identify {unknown}
 k - a scroll of enchant weapon {unknown}
 m - a scroll of teleportation {unknown}
 o - a scroll of poison {unknown}
 q - 3 scrolls of brand weapon {unknown}
Potions
 e - a potion of curing
 h - a potion of heal wounds {unknown}
 j - a potion of brilliance {unknown}
 l - a potion of resistance {unknown}


   Skills:
 + Level 2.2 Fighting
 + Level 4.1 Long Blades
 - Level 2.0 Throwing
 - Level 3.0 Dodging
 - Level 3.0 Stealth
 + Level 1.5 Hexes


You had one spell level left.
You knew the following spells:

 Your Spells              Type           Power      Damage    Failure   Level
a - Jinxbite              Hex            6%         N/A       30%         2

Your spell library contained the following spells:

 Spells                   Type           Power      Damage    Failure   Level
 Apportation              Tloc           0%         N/A       36%         1
 Scorch                   Fire           0%         2d5       50%         2
 Flame Wave               Conj/Fire      0%         2d4       98%         4
 Alistair's Intoxication  Alch           0%         N/A       100%        5
 Summon Cactus Giant      Summ           0%         N/A       100%        6


Dungeon Overview and Level Annotations

Branches:
Dungeon (4/15)
 Temple: D:4-7

Altars:

Annotations:
D:3 Ijyb
D:4 1 runed translucent door, Menkaure


Innate Abilities, Weirdness & Mutations

You cannot wear most types of armour.
You are amphibious.
You can wear up to eight rings at the same time.
Your skin changes colour to match your surroundings (Stealth+).
Your rubbery body absorbs attacks. (AC +1, EV +1)
((You are camouflaged when in or above water. (Stealth+)))
You have tentacles for arms and can constrict up to eight enemies at once.


Message History

Things that are here:
a +0 short sword; a kobold skeleton
There is a stone staircase leading down here.
You climb downwards.
Level annotation: Ijyb
There is a stone staircase leading up here.
Unknown command.
There are monsters nearby!
The orc shouts! x2
A giant cockroach comes into view.
The orc closely misses you. The adder barely misses you.
You climb upwards.
There is a stone staircase leading down here.
You barely miss the adder. Your grab misses the adder.
The adder closely misses you. The orc barely misses you. The adder bites you.
You are poisoned.
The adder poisons you!
You closely miss the adder. Your grab misses the adder.
Your squeeze misses the adder.
You feel sick. The orc hits you with a +0 flail! The adder bites you.
The orc barely misses you.
Unknown command.
You hit the adder but do no damage. You grab the adder. You squeeze the adder.
You constrict the adder.
You feel sick. The adder bites you. The orc hits you with a +0 flail.
The adder bites you.
* * * LOW HITPOINT WARNING * * *
It was a potion of curing.
You feel better.
You constrict the adder.
You kill the adder!
The orc hits you with a +0 flail.
You hit the orc but do no damage. You grab the orc. You constrict the orc.
The orc completely misses you.
You hit the orc but do no damage. You constrict the orc.
The orc hits you with a +0 flail.
* * * LOW HITPOINT WARNING * * *
You hit the orc but do no damage.
You constrict the orc, but do no damage.
The orc misses you.
You hit the orc but do no damage. You squeeze the orc, but do no damage.
You constrict the orc, but do no damage.
The orc hits you with a +0 flail!
You die...

####.# #.....#.##.##.....
#....# #........#........
#.#### #.....#..####.####
#.# ##.......####.# #.#
#####.##.........# #.#
#......####.####.#
#.####......###.......#
#................#########
######..)@#.###### #.....
#....o.# #.###. ########
#.###. #.#... #.#.#.
#.#.#. #..... ###... ##.#


You could see an orc.

Vanquished Creatures
  4 adders
  A dart slug (D:1)
  2 ribbon worms
  3 orcs
  5 ball pythons
  4 bats
  6 endoplasms
  2 giant cockroaches
  2 goblins
  5 hobgoblins
  2 quokkas (D:1)
  A frilled lizard (D:1)
  5 kobolds
42 creatures vanquished.

Notes
Turn   | Place    | Note
-------+----------+-------------------------------------------
     0 | D:1      | ragingrage the Octopode Gladiator began the quest for the
                  | Orb.
     0 | D:1      | Reached XP level 1. HP: 14/14 MP: 1/1
    36 | D:1      | Reached skill level 1 in Stealth
    61 | D:1      | Reached XP level 2. HP: 19/19 MP: 2/2
   810 | D:2      | Reached XP level 3. HP: 21/24 MP: 3/3
   935 | D:2      | Learned a level 2 spell: Jinxbite
  1485 | D:3      | Reached skill level 1 in Hexes
  1583 | D:3      | Reached XP level 4. HP: 25/29 MP: 4/4
  1732 | D:2      | Reached skill level 4 in Long Blades
  2041 | D:3      | Noticed Ijyb
  2185 | D:4      | Found a runed translucent gate.
  2195 | D:4      | Noticed Menkaure
  2288 | D:2      | Slain by an orc

Illustrated notes

Levels and vault maps discovered:
D:1:      heliophobic_arrival_ceremonial_halls, layout_basic
D:2:      layout_loops_cross
D:3:      layout_basic, lemuel_blue_sif_altar, nicolae_goblin_pals, uniq_robin
D:4:      layout_loops_corners, mainiacjoe_overflow_six_doors_small,
          gammafunk_ghost_icy, uniq_menkaure, uniq_duvessa

Skill      XL: |  1  2  3  4 |
---------------+-------------+-----
Stealth        | 1 2 3 |  3.0
Hexes          | 1 |  1.5
Long Blades    | 4 |  4.1
Fighting       | |  2.2
Throwing       | |  2.0
Dodging        | |  3.0

Action                     |  1- 3 |  4- 6 || total
---------------------------+-------+-------++-------
  Melee: Long sword        |    44 |    23 ||    67
         Constrict         |    15 |     6 ||    21
         Tentacles         |     8 |     3 ||    11
    Use: Potion            |       |     1 ||     1
   Stab: Sleeping          |    11 |     1 ||    12
 Armour: Skin              |    10 |    11 ||    21
  Dodge: Dodged            |    24 |    22 ||    46

Table legend: (Time is in decaauts)
 A = Elapsed time spent in this place.
 B = Non-inter-level travel time spent in this place.
 C = Inter-level travel time spent in this place.
 D = Time resting spent in this place.
 E = Time spent auto-exploring this place.
 F = Levels seen in this place.
 G = Mean time per level.
                   A        B        C        D        E       F      G
               +--------+--------+--------+--------+--------+-----+--------+
         Total |   2303 |   2065 |    238 |    133 |   1551 |   4 |  575.8 |
       Dungeon |   2303 |   2065 |    238 |    133 |   1551 |   4 |  575.8 |
               +--------+--------+--------+--------+--------+-----+--------+

Top non-repeatable levels by time:
     D:1: 795 daAuts
     D:2: 768 daAuts
     D:3: 721 daAuts
     D:4: 18 daAuts
